 Dungeon Crawl Stone Soup version 0.29-a0-11-ga75d3d97ab (webtiles) character file.

Game seed: 14791532260116521780

1692 Gwenloh the Zephyrmancer (level 9, -4/45 HPs)
             Began as a Tengu Air Elementalist on Jan 24, 2022.
             Was an Initiate of Sif Muna.
             Slain by Duvessa (8 damage)
             ... on level 6 of the Dungeon on Jan 28, 2022.
             The game lasted 00:14:49 (7928 turns).

Gwenloh the Zephyrmancer (Tengu Air Elementalist)   Turns: 7928, Time: 00:14:49

Health: -4/45      AC:  3    Str:  9    XL:     9   Next: 2%
Magic:  9/20       EV: 14    Int: 19    God:    Sif Muna [......]
Gold:   240        SH:  3    Dex: 15    Spells: 11/21 levels left

rFire   x . .      SeeInvis .   x - +3 mace of the Forgotten Priests {holy, *Corrode rElec rF- rC+++}
rCold   + + +      Faith    .   w - +0 buckler
rNeg    . . .      Spirit   .   a - +0 robe
rPois   .          Reflect  .   (helmet restricted)
rElec   +          Harm     .   u - +0 cloak
rCorr   .          Rampage  .   (no gloves)
Will    .....                   (boots unavailable)
Stlth   ++........              (no amulet)
HPRegen 0.15/turn               (no ring)
MPRegen 0.17/turn               (no ring)

@: flying quickly and evasively, hasted, very quick
A: beak, talons 3, nimble flight
a: Renounce Religion


You were on level 6 of the Dungeon.
You worshipped Sif Muna.
Sif Muna was noncommittal.
You visited 1 branch of the dungeon, and saw 6 of its levels.

You collected 240 gold pieces.

Inventory:

Hand Weapons
 i - a +0 short sword of speed
 n - a +0 rapier
 q - a +1 falchion of flaming
 x - the +3 mace of the Forgotten Priests (weapon) {holy, *Corrode rElec rF- rC+++}
   (You found it on level 6 of the Dungeon)

   It has been blessed by the Shining One to cause great damage to the undead
   and demons.
   rF:        It makes you vulnerable to fire.
   rC:        It renders you almost immune to cold.
   rElec:     It insulates you from electricity.
   *Corrode:  It may corrode you when you take damage.
 y - a +3 quarterstaff of chaos
Missiles
 d - 139 stones
Armour
 a - a +0 robe (worn)
 u - a +0 cloak (worn)
 w - a +0 buckler (worn)
Jewellery
 j - a ring of willpower
Scrolls
 b - a scroll of fog
 c - 2 scrolls of enchant weapon {unknown}
 e - a scroll of teleportation
 g - a scroll of summoning
 m - 2 scrolls of amnesia
 p - a scroll of vulnerability {unknown}
 r - a scroll of noise {unknown}
 v - a scroll of identify
Potions
 f - a potion of cancellation {unknown}
 h - a potion of berserk rage {unknown}
 k - 2 potions of heal wounds {unknown}
 l - 2 potions of brilliance {unknown}
 o - a potion of degeneration {unknown}
 s - a potion of attraction {unknown}


   Skills:
 - Level 2.1 Dodging
 - Level 2.0 Stealth
 * Level 6.7 Spellcasting
 + Level 6.9 Conjurations
 * Level 9.9 Air Magic


You had 11 spell levels left.
You knew the following spells:

 Your Spells              Type           Power      Damage    Failure   Level
a - Shock                 Conj/Air       100%       1d9       1%          1
b - Static Discharge      Conj/Air       38%        N/A       1%          2
c - Airstrike             Air            22%        N/A       2%          4
d - Swiftness             Air            44%        N/A       1%          3

Your spell library contained the following spells:

 Spells                   Type           Power      Damage    Failure   Level
 Animate Skeleton         Necr           12%        N/A       14%         1
 Pain                     Necr           24%        1d5       14%         1
 Vampiric Draining        Necr           6%         2d6       38%         3


Dungeon Overview and Level Annotations

Branches:
Dungeon (6/15)
 Temple: D:4-7

Altars:
Gozag
Hepliaklqana
Sif Muna

Annotations:
D:4 3 runed translucent doors, Yorgos's ghost, amateur SpBr
D:6 Duvessa


Innate Abilities, Weirdness & Mutations

You have a beak for a mouth.
You have claws for feet.
Your magical nature lets you fly swiftly and evasively.


Message History

Dowan casts a spell at you. The puff of flame hits you!
The fire burns you terribly!
The zap hits Dowan!
Dowan is almost dead.
The zap misses the scorpion.
Casting: Shock (safe; 1% risk of failure)
Confirm with . or Enter, or press ? or * to list all spells.
Dowan is struck by an arc of lightning!
You kill Dowan!
Sif Muna accepts your kill.
You hear a distant scream of rage.
You resist.
You are struck by an arc of lightning.
You have reached level 9!
Your experience leads to an increase in your attributes!
Increase (S)trength, (I)ntelligence, or (D)exterity?
You feel clever. x2
Aiming: Shock (safe; 1% risk of failure)
Press: ? - help, Q - select action, (/) - cycle Shift-Dir - straight line
Okay, then.
Casting: Shock (safe; 1% risk of failure)
Confirm with . or Enter, or press ? or * to list all spells.
Duvessa is struck by an arc of lightning!
Duvessa is moderately wounded.
You resist.
You are struck by an arc of lightning.
Duvessa is struck by an arc of lightning.
Duvessa is moderately wounded.
The lightning grounds out.
Duvessa goes berserk!
Duvessa hits you with a +0 short sword.
Casting: Static Discharge (safe; 1% risk of failure)
Confirm with . or Enter, or press ? or * to list all spells.
Duvessa is struck by an arc of lightning!
Duvessa is heavily wounded.
You resist.
You are struck by an arc of lightning.
Duvessa hits you with a +0 short sword!
* * * LOW HITPOINT WARNING * * *
Duvessa hits you with a +0 short sword!
* * * LOW HITPOINT WARNING * * *
Okay, then.
You feel yourself speed up. Duvessa hits you with a +0 short sword!
You die...

.# .# ...... e#
...... .# ........
§# ...##.... .#
...#......
####.####.#
.##..#....###
#.@es...... ....#
#.....#+#.##.####.#
)<.## ##..⌠.....#
.#
....##+.........#
.#
.....#..P.......#
.#
.......P≈≈....#.#
.#
#.......P.....#.#
.#
............#.#.#
.#
.....#......#.#..


You could see Duvessa (berserk, fast) and a scorpion.

Vanquished Creatures
  3 black bears
  4 necrophages
  An ogre (D:5)
  A centaur (D:6)
  A phantom (D:4)
  2 scorpions (D:4)
  Dowan (D:6)
  2 centaur zombies (D:5)
  2 hounds
  2 orc priests
  Crazy Yiuf (D:6)
  2 jellies
  A bullfrog skeleton (D:5)
  3 iguanas
  3 orc wizards
  2 hound skeletons
  2 howler monkey skeletons
  7 adders
  An adder skeleton (D:4)
  A worm (D:2)
  3 dart slugs
  18 orcs
  9 ball pythons
  10 endoplasms
  2 giant cockroaches
  8 hobgoblins
  2 jackals (D:1)
  4 quokkas
  3 bats
  3 frilled lizards (D:1)
  7 goblins
  8 kobolds
119 creatures vanquished.

Notes
Turn   | Place    | Note
-------+----------+-------------------------------------------
     0 | D:1      | Gwenloh the Tengu Air Elementalist began the quest for the
                  | Orb.
     0 | D:1      | Reached XP level 1. HP: 10/10 MP: 4/4
   339 | D:1      | Reached XP level 2. HP: 15/15 MP: 1/6
   572 | D:1      | Learned a level 2 spell: Static Discharge
   928 | D:1      | Reached XP level 3. HP: 19/19 MP: 4/7
  2801 | D:3      | Reached XP level 4. HP: 24/24 MP: 1/9
  2923 | D:3      | Reached skill level 5 in Air Magic
  3130 | D:3      | Gained mutation: Your magical nature lets you fly swiftly
                  | and evasively. [Tengu growth]
  3130 | D:3      | Reached XP level 5. HP: 7/28 MP: 1/10
  3283 | D:3      | Learned a level 4 spell: Airstrike
  4108 | D:3      | Found a faded altar of an unknown god.
  4112 | D:3      | Found a hazy altar of Hepliaklqana.
  4218 | D:4      | Noticed a phantom
  4227 | D:4      | Killed a phantom
  4228 | D:4      | Reached skill level 6 in Air Magic
  4228 | D:4      | Reached XP level 6. HP: 26/32 MP: 2/12
  4323 | D:4      | Found a runed translucent gate.
  4323 | D:4      | Found a runed translucent gate.
  4323 | D:4      | Noticed a necrophage
  4329 | D:4      | Killed a necrophage
  4405 | D:4      | Found a runed translucent gate.
  4429 | D:4      | Noticed a necrophage
  4437 | D:4      | Killed a necrophage
  4438 | D:4      | Reached XP level 7. HP: 22/36 MP: 3/14
  4587 | D:4      | Reached skill level 7 in Air Magic
  4643 | D:4      | Reached skill level 5 in Conjurations
  4867 | D:4      | Noticed Yorgos's ghost (amateur SpBr)
  5118 | D:4      | Reached skill level 5 in Spellcasting
  5448 | D:4      | Reached skill level 8 in Air Magic
  5448 | D:4      | Reached XP level 8. HP: 34/41 MP: 6/17
  6589 | D:4      | Upgraded the game from 0.28-a0-1629-gf728b707aa to
                  | 0.29-a0-11-ga75d3d97ab
  6590 | D:5      | Entered Level 5 of the Dungeon
  6977 | D:5      | Reached skill level 9 in Air Magic
  7094 | D:5      | Found an opulent altar of Gozag.
  7268 | D:5      | Found a shimmering blue altar of Sif Muna.
  7286 | D:5      | Became a worshipper of Sif Muna the Loreminder
  7852 | D:6      | Found a runed translucent door.
  7853 | D:6      | Identified the +3 mace of the Forgotten Priests {holy,
                  | *Corrode rElec rF- rC+++}
  7853 | D:6      | Noticed Crazy Yiuf
  7861 | D:6      | Learned a level 3 spell: Swiftness
  7863 | D:6      | Killed Crazy Yiuf
  7919 | D:6      | Noticed Dowan
  7919 | D:6      | Noticed Duvessa
  7925 | D:6      | Killed Dowan
  7926 | D:6      | Reached XP level 9. HP: 30/45 MP: 13/20
  7928 | D:6      | Slain by Duvessa

Illustrated notes

Levels and vault maps discovered:
D:1:      heliophobic_arrival_glass_houses, layout_basic
D:2:      layout_loops_cross
D:3:      layout_basic, nicolae_overflow_ecumenical_swirl
D:4:      minmay_thinvault, layout_loops_ring, gammafunk_ghost_icy
D:5:      layout_rooms, mainiacjoe_overflow_boulevard, lemuel_doored_altar
D:6:      layout_basic, nicolae_dithmenos_the_darkroom, kennysheep_little_box,
          tso_oasis_becter, uniq_blork_the_orc, uniq_duvessa,
          uniq_crazy_yiuf_cottage

Skill      XL: |  1  2  3  4  5  6  7  8 |
---------------+-------------------------+-----
Conjurations   | 2 3 4 5 6 |  6.9
Air Magic      | 5 6 8 9 |  9.9
Spellcasting   | 3 4 5 6 |  6.7
Dodging        | |  2.1
Stealth        | |  2.0

Action                   |  1- 3 |  4- 6 |  7- 9 || total
-------------------------+-------+-------+-------++-------
Melee: Unarmed           |     4 |       |       ||     4
       Kick              |     5 |       |     4 ||     9
       Peck              |     2 |       |     1 ||     3
       Short sword       |     8 |     3 |     7 ||    18
 Cast: Shock             |   106 |    56 |    98 ||   260
       Static Discharge  |     5 |    14 |    38 ||    57
       Airstrike         |       |     1 |     8 ||     9
  Use: Scroll            |       |     4 |       ||     4
       Potion            |       |       |     1 ||     1
Armor: Robe              |     2 |       |     4 ||     6
Dodge: Dodged            |     9 |     7 |    16 ||    32

Table legend: (Time is in decaauts)
 A = Elapsed time spent in this place.
 B = Non-inter-level travel time spent in this place.
 C = Inter-level travel time spent in this place.
 D = Time resting spent in this place.
 E = Time spent auto-exploring this place.
 F = Levels seen in this place.
 G = Mean time per level.
                   A        B        C        D        E       F      G
               +--------+--------+--------+--------+--------+-----+--------+
         Total |   7722 |   7503 |    219 |    604 |   6011 |   6 | 1287.0 |
       Dungeon |   7722 |   7503 |    219 |    604 |   6011 |   6 | 1287.0 |
               +--------+--------+--------+--------+--------+-----+--------+

Top non-repeatable levels by time:
     D:4: 2257 daAuts
     D:1: 1708 daAuts
     D:3: 1446 daAuts
     D:5: 1043 daAuts
     D:2: 1027 daAuts
     D:6: 238 daAuts
